 Dungeon Crawl Stone Soup version 0.25-a0-280-gfa4545f159 (webtiles) character file.

Game seed: 2251168273442488045, levelgen mode: deterministic

8950 Wolfie the Markscentaur (level 11, -3/99 HPs)
             Began as a Centaur Hunter on Dec 10, 2019.
             Was a High Priest of Elyvilon.
             Slain by a rust devil (8 damage)
             ... summoned by a deep elf mage
             ... in a bailey.
             The game lasted 00:49:26 (8681 turns).

Wolfie the Markscentaur (Centaur Hunter)            Turns: 8681, Time: 00:49:26

Health: -3/99      AC:  5    Str: 16    XL:     11   Next: 16%
Magic:  12/12      EV:  5    Int: 10    God:    Elyvilon [*****.]
Gold:   504        SH:  0    Dex: 12    Spells: 10/10 levels left

rFire    + . .     SeeInvis .   u - +9 hand axe "Ytac" {flame, rN++}
rCold    x . .     Gourm    .   (no shield)
rNeg     + + .     Faith    .   r - +3 chain mail {MR+}
rPois    .         Spirit   .   (helmet restricted)
rElec    .         Reflect  .   (no cloak)
rCorr    .         Harm     .   (no gloves)
MR       +....                  (no barding)
Stlth    ..........             (no amulet)
HPRegen  0.26/turn              s - ring of fire
MPRegen  0.13/turn              (no ring)

@: lethally poisoned (-3 -> -7), about to teleport, corroded, lightly drained,
very quick
A: large, hooves 3, horns 2, slimy green scales 1, deformed body, speed 2, tough
skin 3
a: Lesser Healing, Heal Other, Purification, Greater Healing, Divine Vigour,
Divine Protection, Renounce Religion


You were in a bailey.
You worshipped Elyvilon.
Elyvilon was extremely pleased with you.
You were hungry.

You visited 2 branches of the dungeon, and saw 11 of its levels.
You also visited: Sewer and Bailey.

You collected 504 gold pieces.

Inventory:

Hand Weapons
 u - the +9 hand axe "Ytac" (weapon) {flame, rN++}
   (You found it on level 7 of the Dungeon)

   It has been specially enchanted to burn those struck by it, causing extra
   injury to most foes and up to half again as much damage against particularly
   susceptible opponents.
   Big, fiery blades are also staple armaments of hydra-hunters.
   It greatly protects you from negative energy.
 z - a +1 shortbow of flaming
Missiles
 d - 66 arrows
Armour
 r - a +3 chain mail of magic resistance (worn)
Jewellery
 s - a ring of fire (left hand)
Wands
 c - a wand of flame (54)
 y - a wand of iceblast (5)
 A - a wand of acid (3)
Scrolls
 a - a scroll of acquirement {unknown}
 h - 3 scrolls of fog
 i - 6 scrolls of identify
 j - a scroll of immolation {unknown}
 n - a scroll of amnesia
 q - 3 scrolls of remove curse
 v - 2 scrolls of magic mapping
 C - a scroll of vulnerability {unknown}
Potions
 b - a potion of invisibility {unknown}
 e - 2 potions of brilliance
 g - a potion of resistance {unknown}
 k - 2 potions of curing
 l - 3 potions of agility
 m - 2 potions of might
 o - 2 potions of flight
 t - a potion of ambrosia
 w - a potion of cancellation {unknown}
 x - a potion of haste {unknown}
 B - a potion of magic {unknown}
Comestibles
 f - 20 rations


   Skills:
 + Level 10.0(9.9) Fighting
   Level 0.1(0.0) Short Blades
 + Level 2.0(1.9) Axes
 + Level 15.9(15.7) Bows
 + Level 4.3(4.2) Armour
 + Level 2.4(2.2) Dodging
 + Level 0.5(0.4) Stealth
 + Level 1.7(1.6) Invocations


You had 10 spell levels left.
You didn't know any spells.
Your spell library contained the following spells:

 Spells                   Type           Power        Failure   Level  Hunger
 Beastly Appendage        Tmut           #.....       99%         1    ##.....
 Poisonous Vapours        Pois/Air       #.....       100%        2    ###....
 Sticks to Snakes         Tmut           #.......     100%        2    ###....
 Conjure Flame            Conj/Fire      #.......     100%        3    ####...
 Mephitic Cloud           Conj/Pois/Air  #.......     100%        3    ####...
 Spider Form              Tmut/Pois      #.........   100%        3    ####...
 Ice Form                 Ice/Tmut       #.......     100%        4    #####..
 Blade Hands              Tmut           #.........   100%        5    ######.
 Freezing Cloud           Conj/Ice/Air   #.........   100%        6    #######
 Ring of Flames           Chrm/Fire      #.........   100%        7    #######


Dungeon Overview and Level Annotations

Branches:
Dungeon (10/15)            Temple (1/1) D:7             Orc (0/2) D:10
  Sewer (visited)          Bailey (1/1)
   Lair: D:8-11

Altars:
Ashenzari
Cheibriados
Dithmenos
Elyvilon
Fedhas
Gozag
Hepliaklqana
Kikubaaqudgha
Makhleb
Nemelex Xobeh
Okawaru
Qazlal
Ru
Sif Muna
Trog
Uskayaw
Vehumet
Wu Jian
Xom
Yredelemnul
Zin
The Shining One

Annotations:
D:9 2 runed translucent doors


Innate Abilities, Weirdness & Mutations

You have hooves in place of feet.
Armour fits poorly on your strangely shaped body.
You cover ground very quickly.
You have extremely tough skin. (AC +3)
You have a pair of horns on your head.
You are partially covered in slimy green scales. (AC +2)


Message History

You hit the rust devil but do no damage.
The rust devil is lightly wounded.
You hit the deep elf mage. You burn the deep elf mage.
You closely miss the chaos spawn.
You feel sick. The chaos spawn gores you!
* * * LOW HITPOINT WARNING * * *
The chaos spawn shocks you.
* * * LOW HITPOINT WARNING * * *
The deep elf mage completely misses you.
The rust devil hits you.
* * * LOW HITPOINT WARNING * * *
The rust devil corrodes you!
As you read the scroll of teleportation, it crumbles to dust.
You feel strangely unstable.
You feel sick. The chaos spawn gores you!
* * * LOW HITPOINT WARNING * * *
The chaos spawn freezes you!!
You feel a terrible chill! Elyvilon protects you from harm!
The deep elf mage hits you with a +0 dagger.
* * * LOW HITPOINT WARNING * * *
The rust devil hits you!
You die...

##..##..∩..#
#....#.....#
#....##...##
##..##'####
###...##
#.....#
#..∩.)#
#....4#
##..4@#
#####e# #..
.... ....#
..(.# ..##
##.


You could see a rust devil, a deep elf mage and a chaos spawn.

Vanquished Creatures
  Harold (D:8)
  A two-headed ogre (D:8)
  3 deep elf magi (Bailey)
  An ugly thing (D:9)
  A troll (D:9)
  A hippogriff (D:8)
  A wyvern (D:9)
  A human (D:9)
  4 hogs (D:9)
  A soldier ant (D:10)
  A sky beast (D:8)
  4 orc warriors
  5 ice beasts
  2 black bears (D:6)
  3 ogres
  5 centaurs
  A big kobold (Sewer)
  6 bullfrogs
  5 scorpions
  3 killer bees (D:8)
  7 howler monkeys
  A crimson imp (D:5)
  2 bullfrog zombies
  6 hounds
  A quasit (D:8)
  2 centaur skeletons (D:7)
  5 orc priests
  4 jellies
  10 orc wizards
  5 bullfrog skeletons
  A gnoll shaman (D:9)
  Terence (D:2)
  4 iguanas
  8 worker ants
  Ijyb (D:3)
  A hound zombie (D:9)
  17 adders
  8 gnolls
  2 river rats (Sewer)
  3 shadow imps
  An adder zombie (D:8)
  2 adder skeletons
  5 worms
  3 dart slugs
  6 leopard geckos
  29 orcs
  10 bats
  7 giant cockroaches
  6 goblins
  4 hobgoblins
  7 jackals
  5 kobolds
  5 quokkas
  A ball python (D:5)
  4 frilled lizards
  2 jackal zombies
  A quokka zombie (D:6)
  7 rats
244 creatures vanquished.

Notes
Turn   | Place    | Note
-------+----------+-------------------------------------------
     0 | D:1      | Wolfie the Centaur Hunter began the quest for the Orb.
     0 | D:1      | Reached XP level 1. HP: 17/17 MP: 1/1
   293 | D:1      | Reached XP level 2. HP: 20/24 MP: 2/2
   391 | D:1      | Reached skill level 6 in Bows
   685 | D:1      | Reached XP level 3. HP: 28/29 MP: 3/3
   962 | D:2      | Found a white marble altar of Elyvilon.
   978 | D:2      | Became a worshipper of Elyvilon the Healer
  1112 | D:2      | Reached XP level 4. HP: 37/37 MP: 4/4
  1147 | D:2      | Noticed Terence
  1160 | D:2      | Killed Terence
  1160 | D:2      | Reached skill level 7 in Bows
  1494 | D:2      | You fall into a shaft and drop 1 floor!
  1642 | D:3      | Reached * piety under Elyvilon
  1714 | D:3      | Reached XP level 5. HP: 44/44 MP: 5/5
  1880 | D:3      | Noticed Ijyb
  1956 | D:3      | Killed Ijyb
  2340 | D:4      | Reached ** piety under Elyvilon
  2357 | D:4      | Reached skill level 8 in Bows
  2445 | D:4      | HP: 2/45 [poisoned by a scorpion]
  2479 | D:4      | Reached XP level 6. HP: 5/51 MP: 6/6
  2618 | D:4      | Reached skill level 1 in Armour
  3002 | D:5      | Entered Level 5 of the Dungeon
  3018 | D:5      | Reached skill level 9 in Bows
  3083 | D:5      | Reached XP level 7. HP: 35/57 MP: 7/7
  3138 | D:5      | HP: 1/57 [centaur/arrow (8)]
  3266 | D:5      | Reached skill level 1 in Invocations
  3376 | D:5      | Reached skill level 10 in Bows
  3412 | D:5      | Gained mutation: You are partially covered in slimy green
                  | scales. (AC +2) [potion of mutation]
  3412 | D:5      | Gained mutation: You have a pair of small horns on your
                  | head. [potion of mutation]
  3412 | D:5      | Gained mutation: You have a pair of horns on your head.
                  | [potion of mutation]
  3716 | D:5      | Reached *** piety under Elyvilon
  4088 | D:6      | Reached XP level 8. HP: 66/67 MP: 8/8
  4113 | D:6      | Found a glowing drain.
  4129 | Sewer    | Entered a sewer
  4202 | Sewer    | Reached skill level 11 in Bows
  4441 | D:6      | Reached skill level 5 in Fighting
  4769 | D:6      | Reached skill level 12 in Bows
  5338 | D:7      | Reached XP level 9. HP: 55/75 MP: 9/9
  5363 | D:7      | Found a staircase to the Ecumenical Temple.
  5393 | D:7      | Reached skill level 13 in Bows
  5410 | D:7      | Reached **** piety under Elyvilon
  5486 | Temple   | Entered the Ecumenical Temple
  5957 | D:7      | Got a faintly glowing hand axe
  6389 | D:7      | Identified the +9 hand axe "Ytac" {flame, rN++} (You found
                  | it on level 7 of the Dungeon)
  6495 | D:8      | Reached skill level 14 in Bows
  6526 | D:8      | Got a pitted scale mail
  6752 | D:8      | Noticed Harold
  6782 | D:8      | Killed Harold
  6782 | D:8      | Reached skill level 1 in Axes
  6782 | D:8      | Reached XP level 10. HP: 41/88 MP: 11/11
  6846 | D:8      | Identified the +2 scale mail "Plog" {rF+++ rC- Slay-3} (You
                  | found it on level 8 of the Dungeon)
  7089 | D:9      | Noticed a two-headed ogre
  7123 | D:8      | Killed a two-headed ogre
  7347 | D:9      | Found a large runed translucent door.
  7351 | D:9      | Found a large runed translucent door.
  7379 | D:9      | Reached skill level 15 in Bows
  7400 | D:9      | Noticed a white ugly thing
  7408 | D:9      | HP: 2/90 [white ugly thing (52)]
  7479 | D:9      | Killed a white ugly thing
  7575 | D:9      | Found a large runed translucent door.
  7575 | D:9      | Found a large runed translucent door.
  7904 | D:9      | Reached ***** piety under Elyvilon
  8339 | D:10     | Entered Level 10 of the Dungeon
  8439 | D:10     | Found a staircase to the Orcish Mines.
  8496 | D:10     | Found a flagged portal.
  8536 | D:10     | Reached XP level 11. HP: 99/99 MP: 12/12
  8613 | Bailey   | Entered a bailey
  8620 | Bailey   | Noticed a deep elf mage
  8626 | Bailey   | Killed a deep elf mage
  8646 | Bailey   | Noticed a deep elf mage
  8649 | Bailey   | Noticed a deep elf mage
  8658 | Bailey   | Killed a deep elf mage
  8662 | Bailey   | Noticed a deep elf mage
  8669 | Bailey   | Killed a deep elf mage
  8669 | Bailey   | Reached skill level 10 in Fighting
  8669 | Bailey   | Noticed a deep elf mage
  8670 | Bailey   | Noticed a deep elf mage
  8681 | Bailey   | Elyvilon protects you from harm!
  8681 | Bailey   | Slain by a rust devil

Levels and vault maps discovered:
D:1:      saegor_arrival_simple_c, layout_basic
D:2:      layout_basic, elyvilon_altar_4, first_ration, uniq_terence
D:3:      minmay_chambers_of_threes, layout_loops_cross, uniq_ijyb
D:4:      layout_rooms
D:5:      layout_basic, serial_bayou_pond_b
D:6:      minmay_recursive_quarters, layout_basic, cheibrodos_sewer_entry_bend,
          serial_bayou_pond_d
D:7:      layout_rooms, minmay_temple_entry_stoned_glass
D:8:      layout_cave_pools, uniq_harold
D:9:      layout_long_grid, grunt_livestock, minmay_hollow_rounded_squares
D:10:     layout_gridville, lair_entry_dummy, david_orc_3, enter_bailey_2
Temple:   compressed_dpeg_triangle_lava_temple
Bailey:   bailey_polearm_3, bailey

Skill      XL: |  1  2  3  4  5  6  7  8  9 10 11 |
---------------+----------------------------------+-----
Bows           | 6 7 8 9 10 12 14 15 | 15.9
Fighting       | 3 4 6 7 9 10 | 10.0
Armour         | 1 2 3 4 |  4.3
Invocations    | 1 |  1.7
Dodging        | 2 |  2.4
Axes           | 1 2 |  2.0
Short Blades   | |  0.1
Stealth        | |  0.5

Action                   |  1- 3 |  4- 6 |  7- 9 | 10-12 || total
-------------------------+-------+-------+-------+-------++-------
Melee: Short sword       |       |    28 |       |       ||    28
       Kick              |       |     4 |     2 |     3 ||     9
       Shortbow          |       |       |    15 |       ||    15
       Hand axe          |       |       |    11 |    18 ||    29
       Headbutt          |       |       |     7 |     1 ||     8
 Fire: Shortbow          |    69 |   260 |   505 |   279 ||  1113
Invok: Lesser Healing    |       |     4 |     7 |       ||    11
       Greater Healing   |       |       |     1 |       ||     1
       Divine Protection |       |       |       |     2 ||     2
Evoke: Wand              |       |       |       |     1 ||     1
  Use: Scroll            |     1 |     6 |     3 |    13 ||    23
       Potion            |       |       |     3 |       ||     3
  Eat: Chunk             |       |     4 |     4 |     3 ||    11
       Ration            |       |       |     2 |       ||     2
Armor: Leather armour    |     9 |     1 |       |       ||    10
       Scale mail        |       |    30 |       |       ||    30
       Chain mail        |       |    52 |    85 |    64 ||   201
Dodge: Dodged            |     5 |    53 |    30 |    29 ||   117

Table legend:
 A = Non-vault XP
 B = Vault XP
 C = Vault XP percentage of total XP
 D = Non-vault monster count
 E = Vault monster count
 F = Vault count percentage of total count
                 A         B        C        D         E       F
            +---------+---------+-------+---------+---------+-------
      Total |    6696 |    6091 |  47.6 |     183 |      61 |  25.0
            +---------+---------+-------+---------+---------+-------
        D:1 |      45 |       0 |   0.0 |      17 |       0 |   0.0
        D:2 |     101 |      36 |  26.3 |      19 |       1 |   5.0
        D:3 |      28 |      64 |  69.6 |      13 |      12 |  48.0
        D:4 |     326 |       0 |   0.0 |      10 |       0 |   0.0
        D:5 |     501 |      46 |   8.4 |      17 |       2 |  10.5
        D:6 |     568 |     712 |  55.6 |      21 |      10 |  32.3
        D:7 |    1515 |       0 |   0.0 |      45 |       0 |   0.0
        D:8 |    2246 |     965 |  30.1 |      22 |       1 |   4.3
        D:9 |     998 |    2171 |  68.5 |      14 |      16 |  53.3
       D:10 |     368 |     207 |  36.0 |       5 |       7 |  58.3
      Sewer |       0 |     137 | 100.0 |       0 |       9 | 100.0
     Bailey |       0 |    1753 | 100.0 |       0 |       3 | 100.0
            +---------+---------+-------+---------+---------+-------
